 Dungeon Crawl Stone Soup version 0.31-a0-121-g1e386dd289 (webtiles) character file.

Game seed: 15805630747421014139

222 rapeowns the Conjurer (level 5, -2/38 HPs)
             Began as a Gnoll Conjurer on June 1, 2023.
             Was a Follower of Dithmenos.
             Killed by divine providence
             ... invoked by an orc priest
              (12 damage)
             ... on level 3 of the Dungeon.
             The game lasted 00:04:16 (3458 turns).

rapeowns the Conjurer (Gnoll Conjurer)              Turns: 3458, Time: 00:04:17

Health: -2/38      AC:  2    Str:  6    XL:     5   Next: 99%
Magic:  12/12      EV: 13    Int: 19    God:    Dithmenos [*.....]
Gold:   189        SH:  0    Dex: 11    Spells: 9/14 levels left

rFire   . . .        c - +0 hand axe
rCold   . . .        (no shield)
rNeg    . . .        a - +0 robe
rPois   .            (no helmet)
rElec   .            (no cloak)
rCorr   .            (no gloves)
SInv    .            (no boots)
Will    .....        (no amulet)
Stlth   +++          (no ring)
HPRegen 0.26/turn    (no ring)
MPRegen 0.13/turn

%: no passive effects
@: wreathed by umbra
A: fangs 1, strong nose, distributed training
a: Renounce Religion


You were on level 3 of the Dungeon.
You worshipped Dithmenos.
Dithmenos was aware of your devotion.
You visited 1 branch of the dungeon, and saw 4 of its levels.

You collected 189 gold pieces.

Inventory:

Hand Weapons
 c - a +0 hand axe (weapon)
Armour
 a - a +0 robe (worn)
Wands
 p - a wand of paralysis (9)
Scrolls
 d - 3 scrolls of amnesia {unknown}
 f - 4 scrolls of teleportation {unknown}
 g - 5 scrolls of identify {unknown}
 i - a scroll of silence {unknown}
 j - 2 scrolls of enchant weapon {unknown}
 k - a scroll of fog {unknown}
 l - a scroll of fear {unknown}
 m - a scroll of blinking {unknown}
 n - a scroll of vulnerability {unknown}
 o - 2 scrolls of noise {unknown}
 q - a scroll of poison {unknown}
Potions
 b - a potion of magic
 e - a potion of attraction {unknown}
 h - 2 potions of curing {unknown}
 r - a potion of enlightenment {unknown}
 s - a potion of brilliance {unknown}


   Skills:
 + Level 1.8 Fighting
 + Level 1.8 Short Blades
 + Level 1.8 Long Blades
 + Level 1.8 Axes
 + Level 1.8 Maces & Flails
 + Level 1.8 Polearms
 + Level 1.8 Staves
 + Level 1.8 Ranged Weapons
 + Level 1.8 Throwing
 + Level 1.8 Armour
 + Level 4.9 Dodging
 + Level 4.5 Stealth
 + Level 1.8 Shields
 + Level 1.8 Unarmed Combat
 + Level 5.3 Spellcasting
 + Level 7.2 Conjurations
 + Level 1.4 Hexes
 + Level 1.4 Summonings
 + Level 1.4 Necromancy
 + Level 1.4 Translocations
 + Level 1.4 Transmutations
 + Level 1.4 Fire Magic
 + Level 1.4 Ice Magic
 + Level 1.4 Air Magic
 + Level 1.4 Earth Magic
 + Level 1.4 Poison Magic
 + Level 2.0 Invocations
 + Level 1.8 Evocations


You had 9 spell levels left.
You knew the following spells:

 Your Spells              Type           Power      Damage    Failure   Level
a - Magic Dart            Conj           100%       1d8       1%          1
b - Fulminant Prism       Conj/Hex       10%        3d9       21%         4

Your spell library contained the following spells:

 Spells                   Type           Power      Damage    Failure   Level
 Searing Ray              Conj           64%        2d6       1%          2
 Dazzling Flash           Conj/Hex       42%        N/A       6%          3
 Iskenderun's Mystic Bla  Conj/Tloc      21%        2d6       21%         4


Dungeon Overview and Level Annotations

Branches:
Dungeon (4/15)             Temple (0/1) D:4

Altars:
Dithmenos
Wu Jian

Annotations:
D:4 exclusion: ice beast


Innate Abilities, Weirdness & Mutations

You have very sharp teeth.
Your uncanny sense of smell can sniff out nearby items.
Your experience applies equally to all skills.


Message History

No target in view!
No target in view!
No target in view!
No target in view!
No target in view!
No target in view!
No target in view!
No target in view!
No target in view!
No target in view!
No target in view!
No target in view!
You start resting.
HP restored.
You climb downwards.
Level annotation: exclusion: ice beast
There is a stone staircase leading up here.
The orc priest invokes the aid of Beogh against you.
Beogh smites you! The orc wizard casts a spell at you.
The puff of flame hits you.
You climb upwards.
There is a stone staircase leading down here.
You are too injured to fight recklessly!
You hit the orc priest but do no damage.
Your punch misses the orc priest. The orc priest barely misses you.
You closely miss the orc priest. The orc priest hits you with a +0 whip.
The orc priest jeers loudly, as Orcs often do.
The orc priest casts a cantrip, but nothing happens.
You closely miss the orc priest. The orc priest hits you with a +0 whip.
* * * LOW HITPOINT WARNING * * *
You hit the orc priest.
You punch the orc priest, but do no damage.
The orc priest is lightly wounded.
The orc priest barely misses you.
You completely miss the orc priest.
The orc priest is lightly wounded.
The orc priest mumbles some strange prayers to Beogh against you.
Beogh smites you!
You die...

#.#..###...........#..._.#......#
#.#......######.#.##....##.......
#.#.###########.#..##..##...)#...
#.#.# #....#.#.####........)..
#.#.# #.##.#.#.# ###..#.##...
#.#.# #.##.#.#.####.####.#####
#.#.# #.##........#.# #.# #.#.#
#.#...o#.##.#.# #.# #.#.#
#......@......####.# #.#.#
#......[...........# ..#.###
#......#.##.######## ###
.##...####......#รท##.# #..
.####<##........#.##.# #.# .#
#.##.......#...#.# #.#
.####.##........#..#.# #.#
..........<.....#..#.##### #.#
#####.####...####........# ####.#


You could see an orc priest.

Vanquished Creatures
  A hound (D:4)
  Ijyb (D:3)
  3 gnolls (D:3)
  5 adders
  2 worms
  A dart slug (D:2)
  5 orcs
  6 ball pythons
  6 bats
  3 endoplasms
  A giant cockroach (D:1)
  12 goblins
  6 hobgoblins
  4 jackals (D:1)
  5 quokkas
  6 frilled lizards
  7 kobolds
  8 rats
82 creatures vanquished.

Notes
Turn   | Place    | Note
-------+----------+-------------------------------------------
     0 | D:1      | rapeowns the Gnoll Conjurer began the quest for the Orb.
     0 | D:1      | Reached XP level 1. HP: 13/13 MP: 6/6
   139 | D:1      | Reached XP level 2. HP: 19/19 MP: 3/7
   399 | D:1      | Reached skill level 5 in Spellcasting
   399 | D:1      | Reached XP level 3. HP: 25/25 MP: 1/9
   687 | D:1      | Reached skill level 1 in Invocations
  1151 | D:2      | Reached skill level 1 in Fighting
  1151 | D:2      | Reached skill level 1 in Short Blades
  1151 | D:2      | Reached skill level 1 in Long Blades
  1151 | D:2      | Reached skill level 1 in Axes
  1151 | D:2      | Reached skill level 1 in Maces & Flails
  1151 | D:2      | Reached skill level 1 in Polearms
  1151 | D:2      | Reached skill level 1 in Staves
  1151 | D:2      | Reached skill level 1 in Ranged Weapons
  1151 | D:2      | Reached skill level 1 in Throwing
  1151 | D:2      | Reached skill level 1 in Armour
  1151 | D:2      | Reached skill level 1 in Shields
  1151 | D:2      | Reached skill level 1 in Unarmed Combat
  1151 | D:2      | Reached skill level 1 in Evocations
  1382 | D:2      | Reached XP level 4. HP: 32/32 MP: 8/11
  1544 | D:2      | Reached skill level 1 in Hexes
  1544 | D:2      | Reached skill level 1 in Summonings
  1544 | D:2      | Reached skill level 1 in Necromancy
  1544 | D:2      | Reached skill level 1 in Translocations
  1544 | D:2      | Reached skill level 1 in Transmutations
  1544 | D:2      | Reached skill level 1 in Fire Magic
  1544 | D:2      | Reached skill level 1 in Ice Magic
  1544 | D:2      | Reached skill level 1 in Air Magic
  1544 | D:2      | Reached skill level 1 in Earth Magic
  1544 | D:2      | Reached skill level 1 in Poison Magic
  1713 | D:2      | Found a faded altar of an unknown god.
  1988 | D:2      | Prayed at the altar of an unknown god.
  1988 | D:2      | Became a worshipper of Dithmenos the Shadowed
  1988 | D:2      | Reached * piety under Dithmenos
  2228 | D:3      | Found an ornate altar of the Wu Jian Council.
  2502 | D:3      | Learned a level 4 spell: Fulminant Prism
  2522 | D:3      | Reached XP level 5. HP: 28/37 MP: 6/12
  2580 | D:3      | Found a shadowy altar of Dithmenos.
  2698 | D:3      | Noticed Ijyb
  2714 | D:3      | Killed Ijyb
  3062 | D:4      | Found a staircase to the Ecumenical Temple.
  3282 | D:4      | Noticed an ice beast
  3458 | D:3      | Killed from afar by an orc priest

Illustrated notes

Levels and vault maps discovered:
D:1:      ldierk_walled_garden_2, layout_rooms
D:2:      layout_basic, chequers_ecumenical_altar_lobes
D:3:      layout_loops_ring, nicolae_wu_jian_wuxing_cycle,
          nicolae_dithmenos_through_a_glass_darkly, uniq_ijyb
D:4:      layout_cave_pools, minmay_temple_entry_crystal_x

Skill      XL: |  1  2  3  4  5 |
---------------+----------------+-----
Spellcasting   | 5 |  5.3
Invocations    | 1 2 |  2.0
Fighting       | 1 |  1.8
Short Blades   | 1 |  1.8
Long Blades    | 1 |  1.8
Axes           | 1 |  1.8
Maces & Flails | 1 |  1.8
Polearms       | 1 |  1.8
Staves         | 1 |  1.8
Ranged Weapons | 1 |  1.8
Throwing       | 1 |  1.8
Armour         | 1 |  1.8
Shields        | 1 |  1.8
Unarmed Combat | 1 |  1.8
Evocations     | 1 |  1.8
Hexes          | 1 |  1.4
Summonings     | 1 |  1.4
Necromancy     | 1 |  1.4
Translocations | 1 |  1.4
Transmutations | 1 |  1.4
Fire Magic     | 1 |  1.4
Ice Magic      | 1 |  1.4
Air Magic      | 1 |  1.4
Earth Magic    | 1 |  1.4
Poison Magic   | 1 |  1.4
Dodging        | |  4.9
Stealth        | |  4.5
Conjurations   | |  7.2

Action                     |  1- 3 |  4- 6 || total
---------------------------+-------+-------++-------
  Melee: Hand axe          |    15 |    99 ||   114
         Bite              |     1 |     4 ||     5
         Punch             |     1 |     1 ||     2
   Cast: Magic Dart        |    62 |    65 ||   127
  Evoke: Wand              |       |     3 ||     3
 Armour: Robe              |     5 |    15 ||    20
  Dodge: Dodged            |     8 |   100 ||   108

Table legend: (Time is in decaauts)
 A = Elapsed time spent in this place.
 B = Non-inter-level travel time spent in this place.
 C = Inter-level travel time spent in this place.
 D = Time resting spent in this place.
 E = Time spent auto-exploring this place.
 F = Levels seen in this place.
 G = Mean time per level.
                   A        B        C        D        E       F      G
               +--------+--------+--------+--------+--------+-----+--------+
         Total |   3486 |   3346 |    140 |    112 |   2797 |   4 |  871.5 |
       Dungeon |   3486 |   3346 |    140 |    112 |   2797 |   4 |  871.5 |
               +--------+--------+--------+--------+--------+-----+--------+

Top non-repeatable levels by time:
     D:3: 1382 daAuts
     D:2: 1049 daAuts
     D:1: 968 daAuts
     D:4: 86 daAuts
